 Dungeon Crawl Stone Soup version 0.20.0-14-g326068f (webtiles) character file.

112 maniacrov the Conjurer (level 4, -1/24 HPs)
             Began as a Deep Elf Conjurer on June 8, 2017.
             Slain by a hippogriff (4 damage)
             ... on level 3 of the Dungeon.
             The game lasted 00:13:44 (2181 turns).

maniacrov the Conjurer (Deep Elf Conjurer)          Turns: 2181, Time: 00:13:45

Health: -1/24      AC:  2    Str:  5    XL:     4   Next: 64%
Magic:  5/11       EV: 13    Int: 19    God:
Gold:   136        SH:  0    Dex: 15    Spells: 4/10 levels left

rFire    . . .     SeeInvis +   (no weapon)
rCold    . . .     Gourm    .   (no shield)
rNeg     . . .     Faith    .   a - +0 robe
rPois    .         Spirit   .   (no helmet)
rElec    +         Reflect  .   (no cloak)
rCorr    .         Harm     .   (no gloves)
MR       .....     Rnd*Tele +   (no boots)
Stlth    ++........             (no amulet)
Regen    0.1/turn               c - ring of see invisible
MPRegen  0.2/turn               (no ring)

@: no status effects
A: dopey 1, electricity resistance, teleportitis 1
a: no special abilities


You were on level 3 of the Dungeon.
You were not hungry.

You visited 1 branch of the dungeon, and saw 3 of its levels.

You collected 136 gold pieces.

Inventory:

Armour
 a - a +0 robe (worn)
Jewellery
 c - a ring of see invisible (left hand)
Wands
 h - a wand of polymorph (3/24)
 l - a wand of lightning (11/15)
Scrolls
 d - a scroll of teleportation
 e - a scroll of fog {unknown}
 f - 2 scrolls of recharging {unknown}
 g - a scroll of blinking
 i - a scroll of enchant weapon
 k - a scroll of magic mapping {unknown}
Books
 b - a book of Conjurations

   Spells                             Type                      Level
   a - Magic Dart                     Conjuration                  1
   b - Searing Ray                    Conjuration                  2
   c - Dazzling Spray                 Conjuration/Hexes            3
   d - Fulminant Prism                Conjuration/Hexes            4
   e - Force Lance                    Conjuration/Translocation    4
   f - Iskenderun's Mystic Blast      Conjuration                  4
Comestibles
 j - 4 fruits


   Skills:
 + Level 2.7 Dodging
 + Level 3.2 Stealth
 + Level 3.9 Spellcasting
 + Level 5.9 Conjurations


You had 4 spell levels left.
You knew the following spells:

 Your Spells              Type           Power        Failure   Level  Hunger
a - Magic Dart            Conj           ####         1%          1    None
b - Searing Ray           Conj           ####..       1%          2    ##.....
c - Dazzling Spray        Conj/Hex       ###...       12%         3    ###....


Dungeon Overview and Level Annotations

Branches:
Dungeon (3/15)

Altars:
Ru


Innate Abilities, Weirdness & Mutations

You are dopey. (Int -2)
You are resistant to electric shocks. (rElec)
You are occasionally teleported next to monsters.


Message History

The hippogriff is lightly wounded. (Press . to maintain the ray.)
The hippogriff bites you. The hippogriff closely misses you.
The hippogriff claws you but does no damage.
The searing ray hits the hippogriff.
The hippogriff is moderately wounded.
The hippogriff closely misses you. The hippogriff pecks you.
The hippogriff claws you!
The searing ray hits the hippogriff.
The hippogriff is heavily wounded.
The hippogriff closely misses you. The hippogriff pecks you.
* * * LOW HITPOINT WARNING * * *
The hippogriff claws you.
* * * LOW HITPOINT WARNING * * *
The searing ray hits the hippogriff.
The hippogriff is severely wounded.
You finish channeling your searing ray.
The hippogriff bites you but does no damage.
The hippogriff closely misses you. The hippogriff claws you.
You die...

...##.##.#
#......
###.......#
#......
######..##
#..†...
#....##>#
#......
#.##.##.#
#......
#.##.##.#
#......
#.##....#
#......
#.########
#######
#.@H......
##########


You could see a hippogriff.

Vanquished Creatures
  A gnoll (D:1)
  4 adders
  An ooze (D:1)
  A worm (D:2)
  A dart slug (D:1)
  4 leopard geckos
  3 giant cockroaches
  7 goblins
  5 hobgoblins
  2 quokkas
  10 bats
  3 frilled lizards (D:3)
  7 kobolds
  6 rats
55 creatures vanquished.

Notes
Turn   | Place    | Note
-------+----------+-------------------------------------------
     0 | D:1      | maniacrov the Deep Elf Conjurer began the quest for the Orb.
     0 | D:1      | Reached XP level 1. HP: 10/10 MP: 6/6
   119 | D:1      | Reached XP level 2. HP: 12/15 MP: 4/8
   416 | D:1      | Reached skill level 5 in Conjurations
   670 | D:1      | Reached XP level 3. HP: 19/19 MP: 5/9
   837 | D:1      | Gained mutation: You are occasionally teleported next to monsters. [potion of mutation]
   837 | D:1      | Gained mutation: You are dopey. (Int -2) [potion of mutation]
   837 | D:1      | Gained mutation: You are resistant to electric shocks. (rElec) [potion of mutation]
   851 | D:1      | Learned a level 2 spell: Searing Ray
   855 | D:1      | Learned a level 3 spell: Dazzling Spray
  1415 | D:2      | Found a sacrificial altar of Ru.
  1416 | D:2      | Reached XP level 4. HP: 24/24 MP: 9/11
  2175 | D:3      | Noticed a hippogriff
  2181 | D:3      | Slain by a hippogriff

Skill      XL: |  1  2  3 |
---------------+----------+-----
Conjurations   | 5 |  5.9
Stealth        | 3 |  3.2
Dodging        | |  2.7
Spellcasting   | |  3.9

Action                   |  1- 3 |  4- 6 || total
-------------------------+-------+-------++-------
Melee: Unarmed           |     3 |     2 ||     5
 Cast: Magic Dart        |    49 |    42 ||    91
       Dazzling Spray    |     2 |       ||     2
       Searing Ray       |       |     1 ||     1
  Use: Potion            |     4 |     3 ||     7
       Scroll            |     4 |     1 ||     5
 Stab: Sleeping          |     1 |       ||     1
  Eat: Bread ration      |     1 |       ||     1
Armor: Robe              |     1 |     2 ||     3
Dodge: Dodged            |     6 |    10 ||    16
